 Dungeon Crawl Stone Soup version 0.29.1-15-g9cfb28693d (webtiles) character file.

Game seed: 5807434979765222910

91 coffeetime the Ruffian (level 4, 37/37 HPs)
             Began as a Ghoul Warper on July 11, 2023.
             Was a Follower of Trog.
             Quit the game on level 3 of the Dungeon.
             The game lasted 00:05:33 (2106 turns).

coffeetime the Ruffian (Ghoul Warper)               Turns: 2106, Time: 00:05:33

Health: 37/37      AC: 10    Str: 16    XL:     4   Next: 57%
Magic:  6/6        EV: 10    Int:  8    God:    Trog [*.....]
Gold:   97         SH:  0    Dex:  8    Spells: 5/7 levels left

rFire   . . .      SeeInvis .     - Unarmed
rCold   + . .      Faith    .   (no shield)
rNeg    + + +      Spirit   .   i - +0 ring mail
rPois   ∞          Reflect  .   (no helmet)
rElec   .          Harm     .   w - +0 cloak
rCorr   .          Rampage  .   (no gloves)
Will    .....                   (no boots)
Stlth   ..........              (no amulet)
HPRegen 0.12/turn               h - +4 ring of protection
MPRegen 0.10/turn               (no ring)

@: no status effects
A: claws 1, cold resistance 1, negative energy resistance 3, inhibited
regeneration, torment resistance 2, devour on kill
a: Renounce Religion


You were on level 3 of the Dungeon.
You worshipped Trog.
Trog was aware of your devotion.
You visited 1 branch of the dungeon, and saw 3 of its levels.

You collected 97 gold pieces.

Inventory:

Hand Weapons
 l - a +0 spear
 v - a +3 quarterstaff of chaos
 x - a +0 hammer
Missiles
 c - 7 boomerangs of dispersal (quivered)
 f - 24 stones
 k - 5 javelins
Armour
 a - a +0 leather armour
 i - a +0 ring mail (worn)
 w - a +0 cloak (worn)
Magical Staves
 u - a staff of poison
Jewellery
 h - a +4 ring of protection (left claw)
 o - an amulet of reflection
 y - a ring of ice
 z - an amulet of magic regeneration
Scrolls
 b - 2 scrolls of blinking
 d - 3 scrolls of teleportation {unknown}
 e - a scroll of poison {unknown}
 g - a scroll of vulnerability {unknown}
 m - a scroll of amnesia {unknown}
 n - 2 scrolls of identify {unknown}
Potions
 j - 4 potions of brilliance {unknown}
 p - a potion of cancellation {unknown}
 q - a potion of degeneration {unknown}
 r - a potion of curing {unknown}
 s - 2 potions of lignification {unknown}
 t - a potion of attraction {unknown}


   Skills:
 + Level 2.4 Fighting
 + Level 0.8 Throwing
 + Level 1.5 Armour
 + Level 2.3 Dodging
 + Level 0.1 Stealth
 + Level 4.1 Unarmed Combat
 - Level 2.0 Spellcasting
 - Level 2.6 Translocations


You had 5 spell levels left.
You knew the following spells:

 Your Spells              Type           Power      Damage    Failure   Level
a - Blink                 Tloc           10%        N/A       32%         2

Your spell library contained the following spells:

 Spells                   Type           Power      Damage    Failure   Level
 Gell's Gravitas          Tloc           5%         N/A       54%         3
 Lesser Beckoning         Tloc           5%         N/A       54%         3
 Teleport Other           Tloc           5%         N/A       54%         3
 Manifold Assault         Tloc           5%         N/A       99%         5


Dungeon Overview and Level Annotations

Branches:
Dungeon (3/15)

Altars:
Trog


Innate Abilities, Weirdness & Mutations

You are immune to poison.
You have sharp fingernails.
Your flesh is cold resistant. (rC+)
You are immune to negative energy. (rN+++)
You do not regenerate when monsters are visible.
You are immune to unholy pain and torment.
You thrive by killing the living.


Message History

There is a stone staircase leading down here.
You climb downwards.
There is a stone staircase leading up here.
j - 4 lumpy green potions (gained 3)
You enter the shallow water.
Moving in this stuff is going to be slow.
As you open the gate, it creaks loudly!
A spectral goblin comes into view.
Found a faded altar of an unknown god.
You enter the shallow water.
Moving in this stuff is going to be slow.
You scratch the spectral goblin.
The spectral goblin is severely damaged.
The spectral goblin barely misses you.
You scratch the spectral goblin.
You destroy the spectral goblin!
There is an open gate here.
You enter the shallow water.
Moving in this stuff is going to be slow.
There is a faded altar of an unknown god here.
You cannot tell which god this altar belongs to.
Convert to them anyway?
Okay, then.
You enter the shallow water.
Moving in this stuff is going to be slow.
A rat comes into view.
You enter the shallow water.
Moving in this stuff is going to be slow.
You scratch the rat.
You kill the rat!
No target in view!
No target in view!
You enter the shallow water.
Moving in this stuff is going to be slow.
There is a faded altar of an unknown god here.
You cannot tell which god this altar belongs to.
Convert to them anyway?
Okay, then.
You cannot tell which god this altar belongs to.
Convert to them anyway?
Trog accepts your prayer! Trog welcomes you!
Are you sure you want to abandon this character and quit the game? (Confirm with "yes".)

#. ##.#####..# #.
#.........#
###.####..########
#...~.~.~~#
.#.~~#~'''##.## ..
##.~...#~~# .#.
#.~~~.~~#...#
..~~#~~~~~~.#~.~.
#~~..~@..~#~~~.#
#~~.~~_~.~..#....
#8~##~####~8#....
####.....~###~#
.~...~.~~~.~~.~.
#..##.#.##.#.##.
#. #...# .. ..
#..... ... #
#.#### #..


There were no monsters in sight!

Vanquished Creatures
  Crazy Yiuf (D:2)
  An adder (D:2)
  A worm (D:2)
  4 endoplasms
  A giant cockroach (D:2)
  8 hobgoblins
  6 jackals (D:2)
  3 quokkas
  2 ball pythons (D:2)
  3 bats
  2 frilled lizards
  2 goblins (D:2)
  7 kobolds
  4 rats
  A spectral goblin (D:3)
46 creatures vanquished.

Notes
Turn   | Place    | Note
-------+----------+-------------------------------------------
     0 | D:1      | coffeetime the Ghoul Warper began the quest for the Orb.
     0 | D:1      | Reached XP level 1. HP: 17/17 MP: 2/2
   271 | D:1      | Reached skill level 1 in Armour
   398 | D:1      | Reached XP level 2. HP: 16/24 MP: 3/3
  1139 | D:2      | Reached XP level 3. HP: 30/30 MP: 5/5
  1225 | D:2      | Reached skill level 3 in Unarmed Combat
  1516 | D:2      | Found a runed translucent door.
  1517 | D:2      | Noticed Crazy Yiuf
  1523 | D:2      | Learned a level 2 spell: Blink
  1531 | D:2      | Killed Crazy Yiuf
  1532 | D:2      | Reached XP level 4. HP: 24/37 MP: 6/6
  1734 | D:2      | Reached skill level 4 in Unarmed Combat
  2085 | D:3      | Found a faded altar of an unknown god.
  2104 | D:3      | Prayed at the altar of an unknown god.
  2104 | D:3      | Became a worshipper of Trog the Wrathful
  2104 | D:3      | Reached * piety under Trog
  2106 | D:3      | Quit the game

Illustrated notes

Levels and vault maps discovered:
D:1:      wander_arrival_fairy_ring, layout_basic, st_stairs_8, minivault_19
D:2:      layout_loops_corners, minmay_misc_feat_roman, dk_vineyard_1,
          uniq_crazy_yiuf_cottage
D:3:      layout_basic, serial_shops, shop,
          dreamdust_ecumenical_altar_drowned_temple, uniq_jessica

Skill      XL: |  1  2  3  4 |
---------------+-------------+-----
Armour         | 1 |  1.5
Dodging        | 2 |  2.3
Spellcasting   | 2 |  2.0
Unarmed Combat | 3 4 |  4.1
Fighting       | |  2.4
Throwing       | |  0.8
Stealth        | |  0.1
Translocations | |  2.6

Action                   |  1- 3 |  4- 6 || total
-------------------------+-------+-------++-------
Melee: Unarmed           |   132 |    27 ||   159
       Punch             |     4 |       ||     4
Armor: Leather armour    |    14 |       ||    14
       Ring mail         |    45 |    12 ||    57
Dodge: Dodged            |    89 |     9 ||    98
